 Dungeon Crawl Stone Soup version 0.28.0 (webtiles) character file.

Game seed: 212065167168318336

100 meepyknight the Covered (level 4, -2/29 HPs)
             Began as a Gargoyle Fighter on Feb 19, 2022.
             Slain by a gnoll (3 damage)
             ... on level 3 of the Dungeon.
             The game lasted 00:04:08 (2589 turns).

meepyknight the Covered (Gargoyle Fighter)          Turns: 2589, Time: 00:04:08

Health: -2/29      AC: 10    Str: 22    XL:     4   Next: 73%
Magic:  4/4        EV:  8    Int:  8    God:
Gold:   39         SH:  8    Dex:  9    Spells: 3/3 levels left

rFire   . . .      SeeInvis .   a - +0 war axe (flame)
rCold   . . .      Faith    .   e - +0 kite shield
rNeg    + . .      Spirit   .   b - +0 scale mail
rPois   ∞          Reflect  .   (no helmet)
rElec   +          Harm     .   (no cloak)
rCorr   .          Rampage  .   (no gloves)
Will    .....                   (no boots)
Stlth   ..........              (no amulet)
HPRegen 0.09/turn               (no ring)
MPRegen 0.09/turn               (no ring)

@: mighty
A: sickness immunity, AC +3, negative energy resistance 1, electricity
resistance, torment resistance 1, petrification resistance
a: no special abilities


You were on level 3 of the Dungeon.
You visited 1 branch of the dungeon, and saw 3 of its levels.

You collected 39 gold pieces.

Inventory:

Hand Weapons
 a - a +0 war axe of flaming (weapon)
Armour
 b - a +0 scale mail (worn)
 e - a +0 kite shield (worn)
Jewellery
 g - a ring of ice
Scrolls
 h - a scroll of summoning
 j - a scroll of identify


   Skills:
 + Level 3.8 Fighting
 + Level 3.1 Axes
 + Level 4.0 Armour
 + Level 3.8 Shields


You had 3 spell levels left.
You didn't know any spells.
Your spell library contained the following spells:

 Spells                   Type           Power      Damage    Failure   Level
 Magic Dart               Conj           0%         1d3       98%         1
 Call Imp                 Summ           0%         N/A       99%         2
 Mephitic Cloud           Conj/Pois/Air  0%         N/A       100%        3


Dungeon Overview and Level Annotations

Branches:
Dungeon (3/15)

Altars:
Xom


Innate Abilities, Weirdness & Mutations

You are immune to sickness and miasma.
Your stone body is resilient. (AC +3)
You are immune to poison.
You resist negative energy. (rN+)
You are resistant to electric shocks. (rElec)
You are resistant to unholy torment.
You are immune to petrification.


Message History

The gnoll hits you from afar with a +0 spear.
* * * LOW HITPOINT WARNING * * *
You block the gnoll's attack. You block the gnoll's attack.
You block the gnoll's attack. The gnoll hits you but does no damage.
The gnoll hits you but does no damage. You block the gnoll's attack.
You cannot move.
You cannot move.
You cannot move.
You cannot move.
You cannot move.
You cannot move.
You cannot move.
As you read the scroll labelled XUSARROYXA, it crumbles to dust.
It is a scroll of brand weapon.
Your +0 war axe is engulfed in flames!
a - a +0 war axe of flaming (weapon)
You block the gnoll's attack. You block the gnoll's attack.
Your transformation is almost over.
You block the gnoll's attack.
The gnoll hits you from afar with a +0 spear.
* * * LOW HITPOINT WARNING * * *
You block the gnoll's attack. You block the gnoll's attack.
The gnoll hits you but does no damage. The gnoll hits you but does no damage.
The gnoll completely misses you. You block the gnoll's attack.
The gnoll hits you but does no damage.
You feel less wooden.
Your +0 scale mail unmelds from your body.
The gnoll hits you from afar with a +0 spear!
* * * LOW HITPOINT WARNING * * *
You block the gnoll's attack.
You feel very mighty all of a sudden.
The gnoll hits you from afar with a +0 spear.
You die...

#.....######
###.#.# #.#.#
######.#.#
#......#.#
#.######.# #
#)# #.#
####g###.# #..
#....)@..#
#.....###.....#
#..... .###.#
#..... .#
#..... .#
#..... ..
#..... ##
......


You could see a gnoll.

Vanquished Creatures
  2 gnolls (D:3)
  3 adders (D:2)
  A dart slug (D:1)
  5 ball pythons
  9 endoplasms
  3 giant cockroaches (D:2)
  3 goblins (D:1)
  2 hobgoblins
  3 jackals (D:2)
  A quokka (D:1)
  5 bats
  A frilled lizard (D:2)
  5 kobolds
  4 rats
47 creatures vanquished.

Notes
Turn   | Place    | Note
-------+----------+-------------------------------------------
     0 | D:1      | meepyknight the Gargoyle Fighter began the quest for the
                  | Orb.
     0 | D:1      | Reached XP level 1. HP: 14/14 MP: 1/1
   278 | D:1      | Reached XP level 2. HP: 18/19 MP: 2/2
   885 | D:1      | Reached XP level 3. HP: 23/23 MP: 3/3
  1543 | D:2      | Found a faded altar of an unknown god.
  1738 | D:2      | Reached XP level 4. HP: 24/29 MP: 4/4
  2319 | D:2      | Found a shimmering altar of Xom.
  2517 | D:3      | Reached skill level 4 in Armour
  2587 | D:3      | HP: 1/29 [gnoll (7)]
  2589 | D:3      | Slain by a gnoll

Illustrated notes

Levels and vault maps discovered:
D:1:      minmay_arrival_pointy, layout_basic
D:2:      layout_loops_ring, serial_co_window_serial,
          co_window_of_opportunity_a, co_window_paths_a, co_window_paths_a,
          co_window_corner_a, co_window_corner_a, co_window_corner_a,
          co_window_broadway_a, co_window_unsneaky_path_a,
          co_window_unsneaky_path_a, co_window_corner_cb, co_window_corner_b,
          co_window_cross_4, co_window_4corner_b, glass_columns_a,
          glass_columns_a, glass_columns_a, glass_columns_c, glass_columns_a,
          basic_altar, basic_ecumenical_altar
D:3:      layout_basic, serial_shops, nicolae_shop_advertising_works
          [nicolae_subvault_shop_adworks]

Skill      XL: |  1  2  3  4 |
---------------+-------------+-----
Axes           | 2 3 |  3.1
Armour         | 4 |  4.0
Fighting       | |  3.8
Shields        | |  3.8

Action                   |  1- 3 |  4- 6 || total
-------------------------+-------+-------++-------
Melee: War axe           |    80 |    41 ||   121
  Use: Potion            |       |     3 ||     3
       Scroll            |       |     2 ||     2
Armor: Scale mail        |    33 |    29 ||    62
       Skin              |       |    22 ||    22
Dodge: Dodged            |    33 |    19 ||    52
Block: Buckler           |     3 |       ||     3
       Kite shield       |    27 |    41 ||    68
